 Dungeon Crawl Stone Soup version 0.17-a0-1900-g45e8110 (webtiles) character file.

657 Ijustatesigmund the Slinger (level 7, -6/44 HPs)
             Began as a Halfling Hunter on Sept 24, 2015.
             Mangled by a hill giant
             ... wielding a +0 giant club
              (11 damage)
             ... on level 6 of the Dungeon.
             The game lasted 00:13:47 (4605 turns).

Ijustatesigmund the Slinger (Halfling Hunter)       Turns: 4605, Time: 00:13:48

Health: -6/44      AC: 10    Str: 12    XL:     7   Next: 85%
Magic:  7/7        EV: 17    Int: 10    God:
Gold:   49         SH:  0    Dex: 20    Spells: 0 memorised, 6 levels left

rFire  + . .     SeeInvis +     n - +2 hunting sling (evade)
rCold  . . .     Clarity  .     w - +2 scale mail {rF+}
rNeg   . . .     SustAt   .     (shield restricted)
rPois  .         Gourm    .     (no helmet)
rElec  .         Spirit   .     (no cloak)
rCorr  .         Warding  .     s - +1 pair of gloves
rMut   .         Stasis   .     (no boots)
MR     .....                    (no amulet)
Stlth  ++........               z - ring of see invisible
                                A - +3 ring of dexterity

@: not resistant to hostile enchantments, unstealthy
A: mutation resistance 1
a: no special abilities


You were on level 6 of the Dungeon.
You were hungry.

You visited 1 branch of the dungeon, and saw 6 of its levels.

You collected 229 gold pieces.
You spent 180 gold pieces at shops.

Inventory:

Hand weapons
 a - a +1 hunting sling
 c - a +0 short sword
 k - a +2 dagger of speed
 n - a +2 hunting sling of evasion (weapon)
Missiles
 b - 23 sling bullets (quivered)
 g - 94 stones
 u - 7 sling bullets of flame
Armour
 s - a +1 pair of gloves (worn)
 w - a +2 scale mail of fire resistance (worn)
Jewellery
 d - a +2 ring of strength
 p - a +3 ring of intelligence
 z - a ring of see invisible (right hand)
 A - a +3 ring of dexterity (left hand)
Scrolls
 i - a scroll of enchant weapon {unknown}
 l - 8 scrolls of remove curse
 r - a scroll of enchant armour
 v - 2 scrolls of magic mapping
 y - a scroll of fog
Potions
 f - a potion of curing {unknown}
 h - 2 potions of mutation {unknown}
 j - a potion of agility
 o - a potion of heal wounds
 q - 2 potions of haste
 x - 2 potions of might {unknown}
 B - a potion of resistance {unknown}
Comestibles
 e - 3 bread rations
 m - 2 meat rations
 t - 3 fruits


   Skills:
 - Level 1.7 Fighting
 + Level 3.9 Short Blades
 - Level 10.1 Slings
 * Level 2.9 Dodging
 + Level 4.7 Stealth


You had 6 spell levels left.
You didn't know any spells.

Dungeon Overview and Level Annotations

Branches:
Dungeon (6/15)
 Temple: D:4-7

Altars:
Ashenzari
Cheibriados
Elyvilon
Fedhas
Kikubaaqudgha
Makhleb
Okawaru
Qazlal
Ru
Vehumet

Shops:
D:5 =


Innate Abilities, Weirdness & Mutations

You are small and have problems with some larger weapons.
You are somewhat resistant to further mutation.


Message History

Press: ? - help, Shift-Dir - straight line, f/p - hill giant
Aim: a hill giant, wielding a giant club (severely wounded)
You shoot a sling bullet.
The sling bullet hits the hill giant but does no damage.
The hill giant is severely wounded.
The hill giant hits you with a giant club!
* * * LOW HITPOINT WARNING * * *
Firing (i - inventory. (,) - cycle):
b - 25 sling bullets (quivered)
Press: ? - help, Shift-Dir - straight line, f/p - hill giant
Aim: a hill giant, wielding a giant club (severely wounded)
You shoot a sling bullet. The sling bullet hits the hill giant.
The hill giant is almost dead.
Firing (i - inventory. (,) - cycle):
b - 24 sling bullets (quivered)
Press: ? - help, Shift-Dir - straight line, f/p - hill giant
Aim: a hill giant, wielding a giant club (almost dead)
You shoot a sling bullet.
The sling bullet hits the hill giant but does no damage.
The hill giant is almost dead.
The hill giant hits you with a giant club!
You die...

..####.
######.#...
. #(........
..
#........##.
#.....!..(.
#.....(..#
#....(.C.#
##.##@#
#.....#
#..#### #..#
#..# #.##
#.#
#.#######
#........


You could see a hill giant.

Vanquished Creatures
  An ogre (D:4)
  A centaur (D:5)
  A giant frog (D:6)
  A crimson imp (D:3)
  An orc wizard (D:4)
  Jessica (D:2)
  A hound (D:5)
  An iguana (D:5)
  3 worker ants
  Robin (D:2)
  8 adders
  A worker ant zombie (D:4)
  2 oozes
  5 worms
  2 giant geckos
  8 orcs
  6 bats
  14 goblins
  9 hobgoblins
  20 jackals
  7 kobolds
  3 quokkas
  8 giant cockroaches
  6 giant newts
  A jackal skeleton (D:5)
  5 rats
117 creatures vanquished.

Notes
Turn   | Place    | Note
--------------------------------------------------------------
     0 | D:1      | Ijustatesigmund the Halfling Hunter began the quest for the Orb.
     0 | D:1      | Reached XP level 1. HP: 14/14 MP: 1/1
    10 | D:1      | Reached skill level 6 in Slings
    15 | D:1      | Reached XP level 2. HP: 19/19 MP: 2/2
   287 | D:1      | Reached XP level 3. HP: 24/24 MP: 3/3
   413 | D:1      | Reached skill level 7 in Slings
   924 | D:2      | Reached XP level 4. HP: 27/29 MP: 4/4
   927 | D:2      | Noticed Robin
   940 | D:2      | Killed Robin
  1149 | D:2      | Reached skill level 1 in Short Blades
  1168 | D:2      | Noticed Jessica
  1170 | D:2      | Killed Jessica
  1170 | D:2      | Reached skill level 8 in Slings
  1170 | D:2      | Reached XP level 5. HP: 34/34 MP: 5/5
  1566 | D:2      | Found a faded altar to an unknown god.
  1967 | D:3      | Found a sacrificial altar of Ru.
  2019 | D:3      | Reached XP level 6. HP: 39/39 MP: 6/6
  2429 | D:3      | Found a burning altar of Makhleb.
  2430 | D:3      | Found a stormy altar of Qazlal.
  2431 | D:3      | Found an ancient bone altar of Kikubaaqudgha.
  2432 | D:3      | Found a snail-covered altar of Cheibriados.
  2434 | D:3      | Found an iron altar of Okawaru.
  2435 | D:3      | Found a radiant altar of Vehumet.
  2436 | D:3      | Found a shattered altar of Ashenzari.
  2469 | D:3      | Reached skill level 9 in Slings
  2616 | D:4      | Found a white marble altar of Elyvilon.
  3091 | D:4      | Reached XP level 7. HP: 44/44 MP: 7/7
  3379 | D:4      | Found a blossoming altar of Fedhas.
  3765 | D:5      | Entered Level 5 of the Dungeon
  3785 | D:5      | Found a blossoming altar of Fedhas.
  3944 | D:5      | Reached skill level 10 in Slings
  4197 | D:5      | Found Dadeuxirch's Jewellery Emporium.
  4216 | D:5      | Bought an uncursed ring of see invisible for 180 gold pieces
  4589 | D:6      | Noticed a hill giant
  4605 | D:6      | Mangled by a hill giant

Vault maps used:
D:1:      minmay_arrival_three_doors, interstate_on_off
D:2:      ecumenical_altar_1, first_bread, uniq_jessica, uniq_robin
D:3:      minitemple, lemuel_coloured_pillars_altar
D:4:      elyvilon_altar_4, kennysheep_mini_moat
D:5:      serial_shops, shop, fedhas_altar_1
D:6:      serial_shops, nicolae_shop_waterfront, uniq_duvessa

Action                   |  1- 3 |  4- 6 |  7- 9 || total
-------------------------+-------+-------+-------++-------
Melee: Short sword       |     3 |       |       ||     3
       Dagger            |       |    14 |       ||    14
       Hunting sling     |       |     1 |       ||     1
 Fire: Hunting sling     |   112 |   195 |    70 ||   377
  Use: Scroll            |     5 |     5 |     6 ||    16
  Eat: Chunk             |       |     6 |     2 ||     8
       Fruit             |       |       |     2 ||     2
